 Dungeon Crawl Stone Soup version 0.17-a0-957-ga3519be (webtiles) character file.

39 oplop the Insei (level 3, -3/23 HPs)
             Began as an Octopode Transmuter on May 7, 2015.
             Slain by Crazy Yiuf
             ... wielding a +3 quarterstaff of chaos
              (4 damage)
             ... on level 2 of the Dungeon.
             The game lasted 00:03:13 (2063 turns).

oplop the Insei (Octopode Transmuter)               Turns: 2063, Time: 00:03:13

Health: -3/23      AC:  3    Str:  4      XL:     3   Next: 45%
Magic:  1/6        EV: 12    Int: 21      God:
Gold:   52         SH:  0    Dex: 10 (12) Spells: 2 memorised, 4 levels left

rFire  . . .     SeeInvis .       - Unarmed
rCold  . . .     Clarity  .     (no shield)
rNeg   . . .     SustAb   .     (helmet restricted)
rPois  +         Gourm    .     p - amulet of resist corrosion
rElec  .         Spirit   .     e - -5 ring of strength (curse)
rCorr  +         Warding  .     f - +2 ring of protection
rMut   .         Stasis   .     h - ring of poison resistance (curse)
MR     .....                    m - +5 ring of intelligence
Stlth  ++........               (no ring)
                                (no ring)
                                (no ring)
                                (no ring)

@: appendage, flying, not resistant to hostile enchantments, unstealthy
A: almost no armour, amphibious, 8 rings, constrict 8, tentacle spike 3,
camouflage 1, gelatinous body 1
a: End Transformation


You were on level 2 of the Dungeon.
You were not hungry.
One of your tentacles had a temporary spike.
You visited 1 branch of the dungeon, and saw 2 of its levels.

You collected 52 gold pieces.

Inventory:

Missiles
 a - 12 arrows
 d - 154 stones (quivered)
Jewellery
 e - a cursed -5 ring of strength (left tentacle)
 f - a +2 ring of protection (right tentacle)
 h - a cursed ring of poison resistance (on tentacle)
 m - a +5 ring of intelligence (on tentacle)
 p - an amulet of resist corrosion (around mantle)
Scrolls
 g - 4 scrolls of identify
 j - a scroll of fear {unknown}
 n - a scroll of blinking
Potions
 i - a potion of haste
 v - 3 potions of curing
Books
 b - a book of Changes

   Spells                             Type                      Level
   a - Beastly Appendage              Transmutation                1
   b - Sticks to Snakes               Transmutation                2
   c - Spider Form                    Transmutation/Poison         3
   d - Ice Form                       Ice/Transmutation            4
   e - Blade Hands                    Transmutation                5
Comestibles
 c - a bread ration
 l - 2 meat rations
 s - 2 slices of pizza


   Skills:
 + Level 1.4 Fighting
 + Level 2.4 Dodging
 - Level 3.0 Unarmed Combat
 * Level 2.5 Spellcasting
 * Level 2.6 Transmutations


You had 4 spell levels left.
You knew the following spells:

 Your Spells              Type           Power        Failure   Level  Hunger
a - Beastly Appendage     Trmt           ##....       6%          1    None
b - Sticks to Snakes      Trmt           ##........   10%         2    ##.....


Dungeon Overview and Level Annotations

Branches:
Dungeon (2/15)

Altars:
Qazlal
Trog

Annotations:
D:2 Crazy Yiuf


Innate Abilities, Weirdness & Mutations

You cannot wear most types of armour.
You are amphibious.
You can wear up to eight rings at the same time.
You can use your tentacles to constrict eight enemies at once.
Your skin changes colour to match your surroundings (Stealth).
Your rubbery body absorbs attacks (AC +1).
One of your tentacles bears a large vicious spike.


Message History

You feel your power leaking away.
You barely miss Crazy Yiuf.
Crazy Yiuf is lightly wounded.
You constrict Crazy Yiuf, but do no damage.
Crazy Yiuf barely misses you.
You tentacle-slap Crazy Yiuf but do no damage.
You pierce Crazy Yiuf, but do no damage.
Crazy Yiuf is lightly wounded.
Crazy Yiuf closely misses you.
You tentacle-slap Crazy Yiuf but do no damage.
Crazy Yiuf is lightly wounded.
You constrict Crazy Yiuf. You tentacle-slap Crazy Yiuf. You squeeze Crazy Yiuf.
Crazy Yiuf is heavily wounded.
You constrict Crazy Yiuf, but do no damage.
Crazy Yiuf hits you with a quarterstaff of chaos!
Ouch! That really hurt!
* * * LOW HITPOINT WARNING * * *
Crazy Yiuf freezes you.
You die...

###......##.###.##.#.#
.........##..##.##.#.####
###.....÷....##....#....#
###......###.##########.#
.##..##### *## #.# .##..#
#.# ....## ♣♣♣♣♣####.#
.#### ###**♣♣♣g♣..#.##.#
.# #...#♣..♣@P......# .#
#...'.♣♣♣♣P.....## ##
#)..#♣♣ ♣♣.#..## ###**
♣♣#### ##############
#............#
#.......######


You could see Crazy Yiuf.

Vanquished Creatures
  An adder (D:2)
  A giant gecko (D:1)
  A ball python (D:1)
  4 bats
  4 giant cockroaches (D:2)
  3 hobgoblins
  2 kobolds (D:1)
  A giant newt (D:2)
  5 goblins
  5 rats
27 creatures vanquished.

Notes
Turn   | Place    | Note
--------------------------------------------------------------
     0 | D:1      | oplop, the Octopode Transmuter, began the quest for the Orb.
     0 | D:1      | Reached XP level 1. HP: 13/13 MP: 3/3
   550 | D:1      | Reached XP level 2. HP: 12/18 MP: 3/5
  1521 | D:2      | Learned a level 2 spell: Sticks to Snakes
  1580 | D:2      | Reached XP level 3. HP: 16/23 MP: 4/6
  1609 | D:2      | Found a bloodstained altar of Trog.
  1611 | D:2      | Found a stormy altar of Qazlal.
  2049 | D:2      | Noticed Crazy Yiuf
  2063 | D:2      | HP: 1/23 [Crazy Yiuf/quarterstaff of chaos (14)]
  2063 | D:2      | Slain by Crazy Yiuf

Action                   || total
-------------------------++-------
Melee: Unarmed           ||    83
 Cast: Beastly Appendage ||    17
  Use: Scroll            ||     7
       Potion            ||     4
 Stab: Sleeping          ||     4
  Eat: Chunk             ||     4
